 Dungeon Crawl Stone Soup version 0.29.1-15-g9cfb28693d (webtiles) character file.

Game seed: 12413744009156874

7036 101zpm the Thaumaturge (level 11, 0/80 HPs)
             Began as a Djinni Fire Elementalist on Mar 7, 2023.
             Was an Elder of Fedhas.
             Slain by a two-headed ogre
             ... wielding a +0 dire flail
              (2 damage)
             ... while petrified by a catoblepas
             ... on level 13 of the Dungeon.
             The game lasted 00:44:20 (12541 turns).

101zpm the Thaumaturge (Djinni Fire Elementalist)  Turns: 12541, Time: 00:44:21

Health: 0/80       AC: 12    Str:  7    XL:     11   Next: 29%
Gold:   656        EV:  1    Int: 22    God:    Fedhas [****..] SH:  0 Dex: 13

rFire   x . .      SeeInvis .   (weapon currently unavailable)
rCold   + + +      Faith    .   (shield currently unavailable)
rNeg    + + +      Spirit   .   (body armour currently unavailable)
rPois   ∞          Reflect  .   (helmet currently unavailable)
rElec   .          Harm     .   (cloak currently unavailable)
rCorr   .          Rampage  .   (gloves currently unavailable)
Will    +....                   (boots unavailable)
Stlth   ++........              (no amulet)
HPRegen 0.23/turn               w - ring of protection from cold
MPRegen 0.00/turn               (no ring)

@: ice-form, petrified, flying
A: freezing attack, flying, boosted hp, sickness immunity, large, (fire
resistance 2), (cold vulnerability 1), float, innate caster, HP casting, extra
vitality 1
a: End Transformation, Renounce Religion, Wall of Briars, Grow Ballistomycete,
Overgrow


You were on level 13 of the Dungeon.
You worshipped Fedhas.
Fedhas was greatly pleased with you.
You were a creature of crystalline ice.
You visited 1 branch of the dungeon, and saw 12 of its levels.

You collected 656 gold pieces.

Inventory:

Missiles
 f - 13 poisoned darts
 g - 93 stones
Armour
 u - a scarf of invisibility (melded)
 y - the +2 leather armour of the Swan {Str+4}
   (You found it on level 7 of the Dungeon)

   Str:       It affects your strength (+4).
 F - a +2 hat (melded)
 I - a +0 kite shield
 J - a +0 troll leather armour (melded)
Magical Staves
 o - a staff of poison (melded)
 v - a staff of air
Jewellery
 w - a ring of protection from cold (left front paw)
 G - a ring of protection from cold
Wands
 s - a wand of charming (8)
 x - a wand of iceblast (12)
 C - a wand of light (12)
 E - a wand of flame (22)
 H - a wand of mindburst (4)
Scrolls
 a - 3 scrolls of teleportation
 i - 2 scrolls of enchant weapon
 k - 2 scrolls of noise
 l - a scroll of identify
 n - 2 scrolls of vulnerability
 p - 4 scrolls of enchant armour
 r - a scroll of poison
 B - a scroll of torment {unknown}
 D - 2 scrolls of immolation {unknown}
 M - a scroll of amnesia {unknown}
Potions
 b - 6 potions of curing {unknown}
 c - 4 potions of heal wounds {unknown}
 d - 2 potions of mutation {unknown}
 e - a potion of might {unknown}
 h - 2 potions of haste {unknown}
 j - 3 potions of flight {unknown}
 m - 2 potions of cancellation {unknown}
 q - 5 potions of lignification {unknown}
 t - a potion of attraction {unknown}
 z - a potion of berserk rage {unknown}
 A - 2 potions of brilliance {unknown}
 L - a potion of ambrosia {unknown}
 N - a potion of degeneration {unknown}
 O - a potion of invisibility {unknown}
Miscellaneous
 K - a phial of floods


   Skills:
 + Level 1.2 Fighting
 + Level 3.2 Armour
 + Level 3.7 Dodging
 + Level 3.4 Stealth
 + Level 12.3 Spellcasting
 + Level 0.2 Invocations


You had 7 spell levels left.
You knew the following spells:

 Your Spells              Type           Power      Damage    Failure   Level
a - Foxfire               Conj/Fire      100%       2x1d9     1%          1
b - Scorch                Fire           100%       2d10      1%          2
c - Conjure Flame         Conj/Fire      61%        6-21      1%          3
d - Inner Flame           Hex/Fire       61%        N/A       1%          3
e - Flame Wave            Conj/Fire      61%        2d14      1%          4
f - Apportation           Tloc           100%       N/A       1%          1
g - Passwall              Tmut/Erth      50%        N/A       1%          2
h - Portal Projectile     Hex/Tloc       100%       N/A       1%          3
i - Summon Ice Beast      Ice/Summ       61%        N/A       1%          4
j - Ice Form              Ice/Tmut       61%        N/A       1%          4
Your spell library was empty.

Dungeon Overview and Level Annotations

Branches:
Dungeon (11/15)            Temple (0/1) D:4            Lair (0/5) D:10
    Orc: D:9-12

Altars:
Ashenzari
Cheibriados
Dithmenos
Fedhas
Gozag
Hepliaklqana
Makhleb
Okawaru
Ru
Trog
Uskayaw
The Shining One
Jiyva

Shops:
D:4 (

Annotations:
D:7 exclusion: statue


Innate Abilities, Weirdness & Mutations

You are a creature of crystalline ice.
You have a powerful freezing melee attack.
You are flying.
Your maximum health is increased.
Your armour is entirely melded.
You are incapable of wielding weapons or throwing items.
You are immune to sickness and miasma.
You are immune to poison.
((Your flesh is very heat resistant. (rF++)))
((You are vulnerable to cold. (rC-)))
You float through the air rather than walking.
You learn spells naturally, not from books.
Your magical power is your life essence.
You have superior vitality. (+4 MHP)


Message History

You are engulfed in calcifying dust. x2
The slime creature is engulfed in calcifying dust.
The slime creature stops moving altogether!
You are engulfed in calcifying dust.
The seven-headed hydra is engulfed in calcifying dust.
The seven-headed hydra is moving more slowly.
The seven-headed hydra bites you!
The seven-headed hydra completely misses you.
The seven-headed hydra bites you but does no damage.
The seven-headed hydra bites you.
The seven-headed hydra bites you but does no damage.
The seven-headed hydra bites you!
The seven-headed hydra bites you but does no damage.
The slime creature is engulfed in calcifying dust.
You are engulfed in calcifying dust.
The seven-headed hydra bites you!
The seven-headed hydra bites you but does no damage.
The seven-headed hydra bites you!
* * * LOW HITPOINT WARNING * * *
The seven-headed hydra bites you.
* * * LOW HITPOINT WARNING * * *
The seven-headed hydra bites you!
* * * LOW HITPOINT WARNING * * *
The seven-headed hydra bites you but does no damage. x2
Your ice beast hits the slime creature.
Your ice beast freezes the slime creature!
The slime creature is engulfed in calcifying dust.
The eight-headed hydra is no longer petrified.
The seven-headed hydra bites you but does no damage. x2
The seven-headed hydra bites you.
* * * LOW HITPOINT WARNING * * *
The seven-headed hydra bites you. x2
* * * LOW HITPOINT WARNING * * *
The seven-headed hydra bites you!
* * * LOW HITPOINT WARNING * * *
The seven-headed hydra bites you.
* * * LOW HITPOINT WARNING * * *
Your ice beast hits the slime creature but does no damage.
The two-headed ogre hits you with a +0 dire flail.
You die...
Fedhas appreciates your contribution to the ecosystem.

...#...#..
._._..⌠.#...#.#.# #
..#.......o...#.# #.#
._._..⌠....#..#§#D..#
.........#.$..#§.#
...............#..!..#
..........Y..Y.§#####..
.......ODJ##....§.
.....§.Y# ..........
..........####........
#.####.##.# ##..##...
.. .# #.# ... #.# . .#
.. .... .# ..#.# #
#.....


You could see a seven-headed hydra (petrifying), a slime creature (petrified), a
two-headed ogre and a friendly ice beast (summoned, petrifying).

Vanquished Creatures
  Gastronok (D:8)
  A manticore (D:11)
  A troll (D:9)
  A hornet (D:7)
  13 yaks (D:10)
  A wraith (D:10)
  A steam dragon (D:9)
  An ice beast (D:6)
  6 orc warriors
  3 ogres
  A centaur (D:7)
  A phantom (D:5)
  A kobold brigand (D:8)
  A necrophage (D:6)
  2 scorpions (D:6)
  5 wights (D:8)
  13 killer bees
  2 howler monkeys (D:7)
  6 hounds
  3 jellies
  3 orc priests
  An iguana (D:5)
  8 orc wizards
  6 adders
  3 white imps
  An ufetubus (D:4)
  A worm (D:4)
  3 dart slugs
  41 orcs
  4 bats
  9 endoplasms
  A giant cockroach (D:4)
  6 goblins
  6 hobgoblins
  2 jackals (D:4)
  8 kobolds
  3 quokkas
  3 ball pythons
  A goblin skeleton (D:8)
  A goblin zombie (D:8)
  A hobgoblin zombie (D:8)
  A kobold zombie (D:8)
  3 orc zombies (D:8)
  A rat (D:3)
  A butterfly (D:4)
182 creatures vanquished.

Vanquished Creatures (collateral kills)
  A yak (D:10)
  An orc (D:10)
  10 foxfires (D:4)
12 creatures vanquished.

Vanquished Creatures (others)
  461 foxfires
  10 toadstools (D:4)
  2 withered plants (D:4)
473 creatures vanquished.

Grand Total: 667 creatures vanquished

Notes
Turn   | Place    | Note
-------+----------+-------------------------------------------
     0 | D:1      | 101zpm the Djinni Fire Elementalist began the quest for the
                  | Orb.
     0 | D:1      | 101zpm set off with the following spells memorised:
                  | Foxfire, Scorch, Conjure Flame, Inner Flame, Flame Wave.
     0 | D:1      | Reached XP level 1. HP: 15/15 MP: 0/0
     0 | D:1      | Noticed a minotaur zombie
    11 | D:1      | Noticed a merfolk zombie
    17 | D:1      | Noticed a minotaur zombie
   432 | D:1      | Reached XP level 2. HP: 12/21 MP: 0/0
  1156 | D:2      | Found a faded altar of an unknown god.
  1297 | D:3      | Reached skill level 3 in Spellcasting
  1297 | D:3      | Reached XP level 3. HP: 17/25 MP: 0/0
  1297 | D:3      | Learned a level 1 spell: Apportation
  2294 | D:4      | Found Milatum's Antique Weapon Shop.
  2327 | D:4      | Reached XP level 4. HP: 15/31 MP: 0/0
  2933 | D:4      | Found a blossoming altar of Fedhas.
  2955 | D:4      | Noticed an oklob plant
  3038 | D:4      | Found a staircase to the Ecumenical Temple.
  3514 | D:4      | Became a worshipper of Fedhas Madash
  3602 | D:5      | Entered Level 5 of the Dungeon
  3665 | D:5      | Noticed an ogre
  3670 | D:5      | Killed an ogre
  3671 | D:5      | Reached skill level 4 in Spellcasting
  3671 | D:5      | Reached XP level 5. HP: 25/35 MP: 0/0
  3671 | D:5      | Learned a level 2 spell: Passwall
  4000 | D:5      | Reached XP level 6. HP: 11/40 MP: 0/0
  4445 | D:6      | Found a hazy altar of Hepliaklqana.
  4449 | D:6      | Found a broken altar of Ashenzari.
  4660 | D:6      | Reached skill level 5 in Spellcasting
  4971 | D:6      | Noticed an ice beast
  4977 | D:6      | Killed an ice beast
  4978 | D:6      | Reached XP level 7. HP: 26/45 MP: 0/0
  4978 | D:6      | Learned a level 3 spell: Portal Projectile
  5331 | D:6      | Reached skill level 6 in Spellcasting
  5467 | D:7      | Reached * piety under Fedhas
  5497 | D:7      | Reached XP level 8. HP: 28/50 MP: 0/0
  5794 | D:7      | Identified the +2 leather armour of the Swan {Str+4}
  6063 | D:7      | Noticed a hornet
  6067 | D:7      | Killed a hornet
  6068 | D:7      | Reached skill level 7 in Spellcasting
  6449 | D:5      | Reached skill level 1 in Armour
  6567 | D:5      | Found an iron altar of Okawaru.
  6720 | D:5      | Found an opulent altar of Gozag.
  7250 | D:7      | Reached skill level 8 in Spellcasting
  7250 | D:7      | Reached XP level 9. HP: 38/56 MP: 0/0
  7250 | D:7      | Learned a level 4 spell: Summon Ice Beast
  8005 | D:8      | Reached ** piety under Fedhas
  8303 | D:8      | Found a shadowy altar of Dithmenos.
  8389 | D:8      | Reached skill level 9 in Spellcasting
  8723 | D:8      | Noticed Gastronok
  8733 | D:8      | Killed Gastronok
  8734 | D:8      | Reached skill level 10 in Spellcasting
  8734 | D:8      | Reached XP level 10. HP: 18/61 MP: 0/0
  8976 | D:8      | Found a glowing golden altar of the Shining One.
  9009 | D:8      | Found a bloodstained altar of Trog.
  9084 | D:8      | Found a hide-covered altar of Uskayaw.
  9128 | D:8      | Found a burning altar of Makhleb.
  9603 | D:9      | HP: 1/61 [orc warrior/+0 dire flail (18)]
 10407 | D:9      | Reached skill level 1 in Fighting
 11420 | D:10     | Entered Level 10 of the Dungeon
 11535 | D:10     | Reached *** piety under Fedhas
 11555 | D:10     | Reached skill level 11 in Spellcasting
 11872 | D:10     | Found a staircase to the Lair.
 12068 | D:10     | Reached XP level 11. HP: 60/67 MP: 0/0
 12068 | D:10     | Learned a level 4 spell: Ice Form
 12071 | D:10     | Reached **** piety under Fedhas
 12072 | D:10     | Reached skill level 12 in Spellcasting
 12098 | D:10     | Found a viscous altar of Jiyva.
 12462 | D:11     | Noticed a manticore
 12468 | D:11     | Killed a manticore
 12524 | D:11     | You are sucked into a shaft and drop 2 floors!
 12530 | D:13     | Noticed a five-headed hydra
 12531 | D:13     | Noticed a two-headed ogre
 12531 | D:13     | Noticed a seven-headed hydra
 12531 | D:13     | Noticed a catoblepas
 12531 | D:13     | Noticed an eight-headed hydra
 12535 | D:13     | Found a sacrificial altar of Ru.
 12535 | D:13     | Found a snail-covered altar of Cheibriados.
 12535 | D:13     | Found a hide-covered altar of Uskayaw.
 12541 | D:13     | HP: 2/80 [seven-headed hydra (3)]
 12541 | D:13     | Slain by a two-headed ogre

Illustrated notes

Levels and vault maps discovered:
D:1:      shiori_arrival_whats_in_store_for_you, layout_basic
D:2:      layout_loops_ring, basic_ecumenical_altar, st_stairs_7, uniq_natasha,
          uniq_crazy_yiuf_cottage
D:3:      layout_basic
D:4:      layout_gridville, kiku_gazebo_garden_becter, tgw_fedhas,
          minmay_temple_entry_butterflies, serial_shops,
          nicolae_shop_advertising_works [nicolae_subvault_shop_adworks]
D:5:      layout_loops_ring, lemuel_crystal_altar, okawaru_trees_1,
          kennysheep_generic_room_11
D:6:      layout_gridville, mainiacjoe_overflow_catwalk_spiral
D:7:      layout_loops_ring, vehumet_statue, enter_bailey_3
D:8:      layout_rooms, nicolae_dithmenos_through_a_glass_darkly,
          nicolae_uskayaw_murder_on_the_dancefloor, lemuel_tele_altar,
          lightli_temple_of_fire, nicolae_tso_besieged_by_evil, uniq_gastronok
D:9:      layout_stronghold
D:10:     layout_roguey, lair_entry_dummy, special_room [special_room_orc],
          hangedman_abyss_or_decor_stabs, jiyva_altar_1
D:11:     layout_roguey, kennysheep_flooded_box, nicolae_diode_basic
D:13:     minmay_the_grid_octo_tiled_octocenter_mashed
          [minmay_the_grid_octo_empty, minmay_the_grid_octo_clover,
          minmay_the_grid_octo_shrine, minmay_the_grid_octo_concentric,
          minmay_the_grid_octo_prize_ultimate_mussel_roller,
          minmay_the_grid_square_5x5_two, minmay_the_grid_square_5x5_six_small,
          minmay_the_grid_square_5x5_mess,
          minmay_the_grid_square_5x5_fancy_junction], layout_rooms,
          serial_glass, glass_columns_b, glass_columns_a, uniq_sonja,
          uniq_rupert, uniq_erolcha

Skill      XL: |  1  2  3  4  5  6  7  8  9 10 11 |
---------------+----------------------------------+-----
Spellcasting   | 3 4 5 6 8 10 11 12 | 12.3
Stealth        | 2 3 |  3.4
Armour         | 1 2 3 |  3.2
Fighting       | 1 |  1.2
Dodging        | 3 |  3.7
Invocations    | |  0.2

Action                   |  1- 3 |  4- 6 |  7- 9 | 10-12 || total
-------------------------+-------+-------+-------+-------++-------
 Cast: Foxfire           |    58 |    47 |   103 |    81 ||   289
       Scorch            |     9 |    12 |    27 |    36 ||    84
       Inner Flame       |    11 |    28 |    60 |    64 ||   163
       Apportation       |     5 |       |       |     1 ||     6
       Summon Ice Beast  |       |       |     6 |     7 ||    13
       Portal Projectile |       |       |     1 |       ||     1
       Ice Form          |       |       |       |     1 ||     1
Invok: Wall of Briars    |       |       |     1 |       ||     1
  Use: Scroll            |       |       |     6 |     4 ||    10
Armor: Leather armour    |       |       |     1 |     4 ||     5
       Troll leather arm |       |       |       |     1 ||     1
       Skin              |       |       |       |    12 ||    12
Dodge: Dodged            |       |     1 |     8 |    14 ||    23
